 Dungeon Crawl Stone Soup version 0.29.1-15-g9cfb28693d (webtiles) character file.

Game seed: 8291337554944377698

25 protoss039 the Digger (level 2, -6/21 HPs)
             Began as a Demonspawn Earth Elementalist on Mar 13, 2023.
             Mangled by Sigmund
             ... wielding a +0 scythe
              (9 damage)
             ... on level 2 of the Dungeon.
             The game lasted 00:01:03 (1319 turns).

protoss039 the Digger (DsEE)                        Turns: 1319, Time: 00:01:04

Health: -6/21      AC:  5    Str:  8    XL:     2   Next: 86%
Magic:  0/5        EV: 10    Int: 16    God:
Gold:   72         SH:  0    Dex: 13    Spells: 2/5 levels left

rFire   . . .      SeeInvis .   h - +0 spear
rCold   . . .      Faith    .   (no shield)
rNeg    . . .      Spirit   .   k - +0 ring mail
rPois   .          Reflect  .   (no helmet)
rElec   .          Harm     .   (no cloak)
rCorr   .          Rampage  .   (no gloves)
Will    .....                   (no boots)
Stlth   +.........              (no amulet)
HPRegen 0.07/turn               (no ring)
MPRegen 0.09/turn               (no ring)

@: no status effects
A: hooves 1
a: no special abilities


You were on level 2 of the Dungeon.
You visited 1 branch of the dungeon, and saw 2 of its levels.

You collected 72 gold pieces.

Inventory:

Hand Weapons
 h - a +0 spear (weapon)
Armour
 k - a +0 ring mail (worn)
Scrolls
 c - 2 scrolls of enchant weapon {unknown}
 e - a scroll of noise {unknown}
 f - a scroll of teleportation {unknown}
 g - a scroll of identify {unknown}
 i - a scroll of fear {unknown}
 j - a scroll of magic mapping {unknown}
Potions
 b - a potion of magic
 d - 2 potions of mutation {unknown}


   Skills:
 + Level 1.2 Fighting
 - Level 1.7 Dodging
 - Level 1.7 Stealth
 + Level 2.4 Spellcasting
 - Level 0.8 Transmutations
 + Level 3.1 Earth Magic


You had 2 spell levels left.
You knew the following spells:

 Your Spells              Type           Power      Damage    Failure   Level
a - Sandblast             Erth           22%        2d7       17%         1
b - Passwall              Tmut/Erth      6%         N/A       38%         2

Your spell library contained the following spells:

 Spells                   Type           Power      Damage    Failure   Level
 Stone Arrow              Conj/Erth      12%        3d7       67%         3
 Petrify                  Tmut/Erth      8%         N/A       95%         4


Dungeon Overview and Level Annotations

Branches:
Dungeon (2/15) Zot: 10665

Altars:

Annotations:
D:2 Sigmund


Innate Abilities, Weirdness & Mutations

You have large cloven feet.


Message History

A magic dart appears from out of thin air!
The magic dart hits you!
Casting: Sandblast (safe; 17% risk of failure)
Confirm with . or Enter, or press ? or * to list all spells.
Aiming: Sandblast (safe; 17% risk of failure)
Press: ? - help, Shift-Dir - straight line The blast of sand hits something!
Casting: Sandblast (safe; 17% risk of failure)
Confirm with . or Enter, or press ? or * to list all spells.
Aiming: Sandblast (safe; 17% risk of failure)
Press: ? - help, Shift-Dir - straight line The blast of sand hits something but does no damage.
Something hits you.
Casting: Sandblast (safe; 17% risk of failure)
Confirm with . or Enter, or press ? or * to list all spells.
Aiming: Sandblast (safe; 17% risk of failure)
Press: ? - help, Shift-Dir - straight line The blast of sand hits something.
A magic dart appears from out of thin air!
The magic dart hits you.
* * * LOW HITPOINT WARNING * * *
Something hits you.
* * * LOW HITPOINT WARNING * * *
Unknown command.
Casting: Sandblast (safe; 17% risk of failure)
Confirm with . or Enter, or press ? or * to list all spells.
Aiming: Sandblast (safe; 17% risk of failure)
Press: ? - help, Shift-Dir - straight line Something hits you.
* * * LOW HITPOINT WARNING * * *
Unknown command.
Casting: Sandblast (safe; 17% risk of failure)
Confirm with . or Enter, or press ? or * to list all spells.
You don't have enough magic to cast this spell.
Unknown command.
You miss something. You kick something. Something hits you but does no damage.
Unknown command.
You hit something but do no damage. Your kick misses something.
Something hits you!
You die...

...# ....######
#.....$...
#......... .#
#.........
..#########.........
....................
....................
.........##.@{......
#.......##$........
##.......##.........
.........##.........
########.##.........
#######..##.##.....
#.......†.#.#...###
#....###.......^##
#....# ##.#.#.....


There were no monsters in sight!

Vanquished Creatures
  An adder (D:2)
  A bat (D:1)
  2 endoplasms (D:1)
  3 hobgoblins (D:1)
  2 kobolds (D:1)
  A quokka (D:1)
  A ball python (D:1)
  5 rats
16 creatures vanquished.

Notes
Turn   | Place    | Note
-------+----------+-------------------------------------------
     0 | D:1      | protoss039 the Demonspawn Earth Elementalist began the
                  | quest for the Orb.
     0 | D:1      | Reached XP level 1. HP: 13/13 MP: 3/3
   539 | D:1      | Gained mutation: You have large cloven feet. [demonic
                  | ancestry]
   539 | D:1      | Reached XP level 2. HP: 15/20 MP: 1/5
   902 | D:1      | Reached skill level 1 in Fighting
   902 | D:1      | Reached skill level 3 in Earth Magic
  1050 | D:1      | Learned a level 2 spell: Passwall
  1057 | D:2      | Found a faded altar of an unknown god.
  1309 | D:2      | Noticed Sigmund
  1319 | D:2      | Mangled by Sigmund

Illustrated notes

Levels and vault maps discovered:
D:1:      nzn_arrival_water_spiral, layout_basic, minmay_pentomino_o4
D:2:      layout_basic, hellmonk_ecumenical_altar_crossroads,
          uniq_crazy_yiuf_cottage, uniq_natasha, uniq_sigmund

Skill      XL: |  1  2 |
---------------+-------+-----
Fighting       | 1 |  1.2
Earth Magic    | 3 |  3.1
Dodging        | |  1.7
Stealth        | |  1.7
Spellcasting   | |  2.4
Transmutations | |  0.8

Action                   || total
-------------------------++-------
Melee: Whip              ||     6
       Unarmed           ||     3
       Punch             ||     1
       Spear             ||    13
       Kick              ||     5
 Cast: Sandblast         ||    27
 Stab: Sleeping          ||     2
Armor: Robe              ||     3
       Ring mail         ||     5
Dodge: Dodged            ||    21
